 Dungeon Crawl Stone Soup version 0.17.0-23-g0de4337 (webtiles) character file.

4168 dysrexia the Grappler (level 10, -10/100 HPs)
             Began as a Troll Earth Elementalist on Nov 14, 2015.
             Was an Elder of Okawaru.
             Mangled by a komodo dragon (31 damage)
             ... on level 1 of the Lair of Beasts.
             The game lasted 00:21:08 (6774 turns).

dysrexia the Grappler (Troll Earth Elementalist)    Turns: 6774, Time: 00:21:08

Health: -10/100    AC:  8    Str: 18    XL:     10   Next: 7%
Magic:  10/10      EV: 12    Int: 11    God:    Okawaru [****..]
Gold:   170        SH:  0    Dex: 13    Spells: 2 memorised, 8 levels left

rFire  + . .     SeeInvis .       - Unarmed
rCold  . . .     Clarity  .     a - +0 robe
rNeg   . . .     SustAt   .     (no shield)
rPois  .         Gourm    +     (helmet restricted)
rElec  .         Spirit   .     e - +2 cloak
rCorr  .         Warding  .     (gloves unavailable)
rMut   .         Stasis   .     (boots unavailable)
MR     .....                    y - amulet of Vitality {Regen+ HP+15}
Stlth  ++........               (no ring)
                                B - ring of protection from fire

@: not resistant to hostile enchantments, unstealthy
A: unfitting armour, claws 3, fast metabolism 3, gourmand, regeneration 2,
shaggy fur 1, tough skin 2
a: Heroism, Renounce Religion


You were on level 1 of the Lair of Beasts.
You worshipped Okawaru.
Okawaru was greatly pleased with you.
You were very full.

You visited 3 branches of the dungeon, and saw 10 of its levels.

You collected 413 gold pieces.
You spent 243 gold pieces at shops.

Inventory:

Hand Weapons
 j - a +1 flail of venom
 q - a +2 falchion of flaming
Missiles
 b - 131 stones (quivered)
 t - 24 poisoned needles
Armour
 a - a +0 robe (worn)
 e - a +2 cloak (worn)
 s - a +2 shield of poison resistance
Jewellery
 m - an uncursed amulet of resist mutation
 y - the amulet of Vitality (around neck) {Regen+ HP+15}
   (You found it on level 8 of the Dungeon)

   [amulet of regeneration]

   It affects your health (+15).
   It increases your rate of regeneration.
 B - a ring of protection from fire (left claw)
Wands
 o - a wand of flame (35)
Scrolls
 h - 6 scrolls of identify
 k - 4 scrolls of remove curse
 w - 3 scrolls of enchant weapon
 C - a scroll of teleportation
Potions
 f - 3 potions of curing
 i - a potion of heal wounds
 l - a potion of resistance
 n - a potion of brilliance
 r - a potion of agility
 z - a potion of haste
 A - 3 potions of flight
Books
 c - a book of Geomancy

   Spells                             Type                      Level
   a - Sandblast                      Earth                        1
   b - Stoneskin                      Transmutation/Earth          2
   c - Passwall                       Transmutation/Earth          3
   d - Stone Arrow                    Conjuration/Earth            3
   e - Petrify                        Transmutation/Earth          4
   f - Lee's Rapid Deconstruction     Earth                        5
Comestibles
 d - 7 bread rations
 g - 8 fruits
 p - 2 beef jerkies
 u - a meat ration
 v - a royal jelly
 x - 2 slices of pizza
 D - a chunk of flesh


   Skills:
 * Level 1.6 Fighting
 + Level 5.4 Dodging
 - Level 1.1 Stealth
 - Level 10.0 Unarmed Combat
 - Level 1.2 Spellcasting
 - Level 3.0 Transmutations
 + Level 7.1 Earth Magic


You had 8 spell levels left.
You knew the following spells:

 Your Spells              Type           Power        Failure   Level  Hunger
a - Sandblast             Erth           ###...       1%          1    ##.....
b - Stoneskin             Trmt/Erth      ##......     10%         2    ###....


Dungeon Overview and Level Annotations

Branches:
Dungeon (8/15)             Temple (1/1) D:4            Lair (1/8) D:8

Altars:
Cheibriados
Elyvilon
Gozag
Kikubaaqudgha
Nemelex Xobeh
Okawaru
Qazlal
Vehumet
Yredelemnul

Shops:
D:4 (   D:5 =:


Innate Abilities, Weirdness & Mutations

You are too large for most types of armour.
You have claws for hands.
Your metabolism is lightning-fast.
You like to eat raw meat.
You heal very quickly.
You are covered in fur (AC +1).
You have very tough skin (AC +2).


Message History

The komodo dragon is moderately wounded.
The komodo dragon bites you!
You scratch the komodo dragon but do no damage.
The komodo dragon is moderately wounded.
You claw the komodo dragon!
The komodo dragon is severely wounded.
The komodo dragon misses you.
You scratch the komodo dragon but do no damage.
The komodo dragon is severely wounded.
The komodo dragon bites you.
You closely miss the komodo dragon. You claw the komodo dragon!
The komodo dragon is almost dead.
The komodo dragon bites you!!
* * * LOW HITPOINT WARNING * * *
You are too injured to fight recklessly!
You are too injured to fight recklessly!
You closely miss the komodo dragon.
The komodo dragon is almost dead.
The komodo dragon bites you!!
You die...

#....#
##
#...>#
..
#....+.#
#.....#
#....##
##'###
#..#
##.#
#.@#
##l# #..
...#
....
......
....##
.....#


You could see a komodo dragon.

Vanquished Creatures
  A komodo dragon (D:8)
  2 hippogriffs
  Grum (D:8)
  3 wolves (D:8)
  A water moccasin (Lair:1)
  A porcupine (Lair:1)
  A wasp (D:7)
  3 orc warriors
  A sky beast (D:8)
  3 ice beasts
  2 ogres
  A necrophage (D:6)
  2 phantoms (D:5)
  3 centaurs
  7 giant frogs
  5 scorpions
  A crimson imp (D:5)
  An orc priest (D:8)
  3 giant frog skeletons
  A gnoll shaman (D:8)
  A hound (D:4)
  A jelly (D:6)
  Crazy Yiuf (D:7)
  7 orc wizards
  5 worker ants
  2 hound skeletons
  A worker ant zombie (D:8)
  6 gnolls (D:8)
  7 adders
  2 shadow imps (D:8)
  3 adder skeletons
  3 adder zombies
  2 worms (D:3)
  6 giant geckos
  26 orcs
  A ball python (D:5)
  6 giant cockroaches
  6 goblins
  2 hobgoblins (D:2)
  3 quokkas
  5 bats
  8 giant newts
  3 jackals (D:1)
  4 kobolds
  2 quokka zombies
  7 rats
163 creatures vanquished.

Vanquished Creatures (others)
  13 plants (D:8)
13 creatures vanquished.

Grand Total: 176 creatures vanquished

Notes
Turn   | Place    | Note
--------------------------------------------------------------
     0 | D:1      | dysrexia the Troll Earth Elementalist began the quest for the Orb.
     0 | D:1      | Reached XP level 1. HP: 16/16 MP: 1/1
   149 | D:1      | Reached skill level 1 in Unarmed Combat
   211 | D:1      | Reached XP level 2. HP: 24/24 MP: 2/2
   236 | D:1      | Learned a level 2 spell: Stoneskin
  1057 | D:2      | Found an opulent altar of Gozag.
  1166 | D:3      | Reached skill level 3 in Earth Magic
  1176 | D:3      | Reached XP level 3. HP: 31/31 MP: 3/3
  1416 | D:3      | Reached skill level 1 in Transmutations
  1696 | D:4      | Noticed a scorpion
  1720 | D:4      | Noticed a scorpion
  1787 | D:4      | Reached XP level 4. HP: 22/39 MP: 4/4
  1922 | D:4      | Noticed a scorpion
  1936 | D:4      | Killed a scorpion
  1936 | D:4      | Reached XP level 5. HP: 38/45 MP: 5/5
  1997 | D:4      | Killed a scorpion
  1997 | D:4      | Reached skill level 4 in Unarmed Combat
  2176 | D:4      | Found Remuded's Weapon Shop.
  2179 | D:4      | Reached XP level 6. HP: 53/53 MP: 6/6
  2340 | D:4      | Found a staircase to the Ecumenical Temple.
  2345 | Temple   | Entered the Ecumenical Temple
  2401 | Temple   | Became a worshipper of Warmaster Okawaru
  2590 | D:4      | Killed a scorpion
  2832 | D:5      | Entered Level 5 of the Dungeon
  2887 | D:5      | Reached skill level 5 in Unarmed Combat
  2920 | D:5      | Reached * piety under Okawaru
  2920 | D:5      | Reached XP level 7. HP: 37/59 MP: 7/7
  3112 | D:5      | Reached skill level 6 in Unarmed Combat
  3223 | D:5      | Found Ixaimu's Book Shop.
  3402 | D:5      | Found Xerikly's Jewellery Boutique.
  3571 | D:6      | Reached XP level 8. HP: 63/67 MP: 8/8
  3652 | D:6      | Found a basalt altar of Yredelemnul.
  3683 | D:6      | Reached skill level 5 in Earth Magic
  3836 | D:6      | Reached ** piety under Okawaru
  4033 | D:6      | Reached skill level 7 in Unarmed Combat
  4157 | D:7      | Noticed Crazy Yiuf
  4163 | D:7      | Killed Crazy Yiuf
  4399 | D:7      | Found a stormy altar of Qazlal.
  4808 | D:7      | Reached skill level 8 in Unarmed Combat
  4975 | D:8      | Identified a scroll of acquirement
  5089 | D:8      | Reached XP level 9. HP: 61/74 MP: 9/9
  5142 | D:8      | Reached *** piety under Okawaru
  5525 | D:8      | HP: 2/74 [orc warrior/enchanted glaive (20)]
  5529 | D:8      | Reached skill level 9 in Unarmed Combat
  5627 | D:8      | Noticed Grum
  5644 | D:8      | Killed Grum
  5879 | D:8      | Reached **** piety under Okawaru
  5879 | D:8      | Reached skill level 5 in Dodging
  5885 | D:8      | Found a staircase to the Lair.
  5991 | D:8      | Noticed a komodo dragon
  5999 | D:8      | Killed a komodo dragon
  5999 | D:8      | Reached skill level 10 in Unarmed Combat
  6400 | D:4      | Bought a +2 falchion of flaming for 243 gold pieces
  6583 | Lair:1   | Entered Level 1 of the Lair of Beasts
  6594 | Lair:1   | Reached skill level 1 in Fighting
  6594 | Lair:1   | Reached XP level 10. HP: 70/84 MP: 10/10
  6754 | Lair:1   | Noticed a komodo dragon
  6774 | Lair:1   | Mangled by a komodo dragon

Action                   |  1- 3 |  4- 6 |  7- 9 | 10-12 || total
-------------------------+-------+-------+-------+-------++-------
Melee: Unarmed           |   152 |   103 |   346 |    34 ||   635
Invok: Heroism           |       |       |     3 |       ||     3
  Use: Scroll            |     5 |     2 |    10 |       ||    17
       Potion            |       |       |     3 |       ||     3
 Stab: Sleeping          |     1 |     1 |     3 |       ||     5
       Distracted        |       |       |     1 |       ||     1
  Eat: Chunk             |    21 |    11 |    33 |     3 ||    68
